 Dungeon Crawl Stone Soup version 0.25.0-1-g7eea58d2a3 (webtiles) character file.

Game seed: 9175296271026160062

441 Peloso the Covered (level 6, -6/48 HPs)
             Began as a Demonspawn Fighter on June 13, 2020.
             Mangled by Duvessa
             ... wielding a +1 short sword of protection
              (14 damage)
             ... on level 4 of the Dungeon.
             The game lasted 00:07:49 (3226 turns).

Peloso the Covered (Demonspawn Fighter)             Turns: 3226, Time: 00:07:50

Health: -6/48      AC: 10    Str: 19    XL:     6   Next: 70%
Magic:  6/6        EV:  4    Int:  9    God:
Gold:   225        SH:  9    Dex: 14    Spells: 5/5 levels left

rFire    x . .     SeeInvis .   a - +0 long sword
rCold    . . .     Gourm    .   c - +0 kite shield
rNeg     . . .     Faith    .   A - +1 chain mail of Okawaru's Reproof {+Fly rElec rF-} (curse)
rPois    .         Spirit   .   (no helmet)
rElec    +         Reflect  .   (no cloak)
rCorr    .         Harm     .   (no gloves)
MR       .....                  (no boots)
Stlth    +.........             t - amulet of regeneration
HPRegen  0.56/turn              (no ring)
MPRegen  0.10/turn              (no ring)

@: mighty, hasted, heavily drained, very quick
A: thin skeletal structure 1, nightstalker 2
a: Evoke Flight


You were on level 4 of the Dungeon.
You were not hungry.

You visited 1 branch of the dungeon, and saw 4 of its levels.

You collected 225 gold pieces.

Inventory:

Hand Weapons
 a - a +0 long sword (weapon)
Armour
 b - a +0 scale mail
 c - a +0 kite shield (worn)
 i - a +0 chain mail
 A - the cursed +1 chain mail of Okawaru's Reproof (worn) {+Fly rElec rF-}
   (You found it on level 4 of the Dungeon)

   It makes you vulnerable to fire.
   It insulates you from electricity.
   It lets you fly.
   It has a curse placed upon it.
Jewellery
 t - an amulet of regeneration (around neck)
Wands
 y - a wand of iceblast (5)
 B - a wand of digging (4)
Scrolls
 e - 2 scrolls of immolation {unknown}
 g - a scroll of blinking {unknown}
 j - 4 scrolls of identify {unknown}
 m - 3 scrolls of remove curse {unknown}
 n - 4 scrolls of teleportation {unknown}
 o - a scroll of fear {unknown}
 q - a scroll of random uselessness {unknown}
 r - 2 scrolls of noise {unknown}
 s - a scroll of amnesia {unknown}
 u - 2 scrolls of fog {unknown}
 v - 3 scrolls of enchant weapon {unknown}
Potions
 d - 2 potions of might
 h - 3 potions of heal wounds
 k - a potion of experience {unknown}
 l - a potion of degeneration {unknown}
 p - 2 potions of haste
 w - a potion of lignification {unknown}
 z - a potion of flight {unknown}
Comestibles
 f - 10 rations


   Skills:
 + Level 4.0(2.7) Fighting
 + Level 4.0(2.6) Long Blades
 + Level 4.1(2.8) Armour
 + Level 1.3(0.0) Dodging
 + Level 0.1(0.0) Stealth
 + Level 3.9(2.6) Shields


You had 5 spell levels left.
You didn't know any spells.
Your spell library contained the following spells:

 Spells                   Type           Power        Failure   Level  Hunger
 Confusing Touch          Hex            #.......     100%        3    ####...
 Gell's Gravitas          Tloc           #.........   100%        3    ####...
 Petrify                  Tmut/Erth      #.......     100%        4    #####..
 Metabolic Englaciation   Hex/Ice        #.........   100%        5    ######.
 Yara's Violent Unravell  Hex/Tmut       #.........   100%        5    ######.


Dungeon Overview and Level Annotations

Branches:
Dungeon (4/15)
 Temple: D:4-7

Altars:

Shops:
D:4 }

Annotations:
D:4 3 runed translucent doors, Duvessa; Ozzies's ghost, amateur GrFi


Innate Abilities, Weirdness & Mutations

You have a somewhat thin skeletal structure. (Dex +2, Stealth)
You are significantly more attuned to the shadows.


Message History

Duvessa hits you but does no damage.
You hit Duvessa.
Duvessa is moderately wounded.
You block Duvessa's attack.
Your chain mail of Okawaru's Reproof prevents you from hitting Duvessa.
Duvessa is moderately wounded.
Duvessa barely misses you.
Duvessa hits you with a +1 short sword of protection!
* * * LOW HITPOINT WARNING * * *
You hit Duvessa but do no damage.
Duvessa is moderately wounded.
You block Duvessa's attack.
You closely miss Duvessa.
Duvessa is moderately wounded.
Duvessa hits you but does no damage.
You closely miss Duvessa.
Duvessa is moderately wounded.
Duvessa hits you but does no damage.
Duvessa hits you with a +1 short sword of protection!
You die...

###...## #.
##.....## #.
#.......## ##.#
.......).####...##
.........'.......#
.........####....#
#.......## ##.#%#
##.....## # #e#
###...## #@#
...#'## #)# ##.#.#
#.# #.#.# #.#
##.#.##### #.#
.#.......# #.#
.#.....#.# #.#
.#.....#.#######.#
.................#


You could see Duvessa (berserk, fast).

Vanquished Creatures
  A phantom (D:4)
  Dowan (D:4)
  A scorpion (D:4)
  A hound (D:4)
  An iguana (D:3)
  3 worker ants (D:4)
  4 adders
  4 worms
  2 dart slugs
  4 leopard geckos
  2 orcs (D:4)
  7 giant cockroaches
  5 goblins
  13 hobgoblins
  A quokka (D:2)
  9 bats
  6 frilled lizards
  5 kobolds
  5 rats
75 creatures vanquished.

Notes
Turn   | Place    | Note
-------+----------+-------------------------------------------
     0 | D:1      | Peloso the Demonspawn Fighter began the quest for the Orb.
     0 | D:1      | Reached XP level 1. HP: 18/18 MP: 1/1
    51 | D:1      | Gained mutation: You have a somewhat thin skeletal
                  | structure. (Dex +2, Stealth) [demonic ancestry]
    51 | D:1      | Reached XP level 2. HP: 17/24 MP: 2/2
   867 | D:2      | Gained mutation: You are slightly more attuned to the
                  | shadows. [demonic ancestry]
   867 | D:2      | Reached XP level 3. HP: 28/29 MP: 3/3
  1378 | D:2      | Found a faded altar of an unknown god.
  1829 | D:3      | Reached XP level 4. HP: 26/35 MP: 4/4
  2346 | D:4      | Noticed a phantom
  2350 | D:4      | Reached skill level 1 in Dodging
  2350 | D:4      | Reached XP level 5. HP: 24/41 MP: 5/5
  2403 | D:4      | Killed a phantom
  2403 | D:4      | Gained mutation: You are significantly more attuned to the
                  | shadows. [demonic ancestry]
  2403 | D:4      | Reached XP level 6. HP: 39/48 MP: 6/6
  2406 | D:4      | Got a smoking chain mail
  2417 | D:4      | Identified the cursed +1 chain mail of Okawaru's Reproof
                  | {+Fly rElec rF-} (You found it on level 4 of the Dungeon)
  2959 | D:4      | Found Zeacuck's Gadget Shoppe.
  3006 | D:4      | Found a runed translucent gate.
  3006 | D:4      | Found a runed translucent gate.
  3007 | D:4      | Found a runed translucent gate.
  3117 | D:4      | Noticed Ozzies's ghost (amateur GrFi)
  3187 | D:4      | Noticed Dowan
  3188 | D:4      | Noticed Duvessa
  3219 | D:4      | Killed Dowan
  3219 | D:4      | HP: 1/48 [Duvessa/+1 short sword of protection (7)]
  3226 | D:4      | Mangled by Duvessa

Illustrated notes

Levels and vault maps discovered:
D:1:      psy_arrival_terrarium, layout_rooms, chequers_jeans, kennysheep_boxes
D:2:      layout_basic, first_ration, chequers_ecumenical_altar_twisty
D:3:      layout_loops_ring
D:4:      layout_loops_corners, gammafunk_ghost_icy, serial_shops,
          shop_fountains, hangedman_decor_diamond_cutter, minmay_starry_boxes,
          uniq_duvessa

Skill      XL: |  1  2  3  4  5  6 |
---------------+-------------------+-----
Long Blades    | 2 3 4 |  4.0
Armour         | 3 4 |  4.1
Shields        | 3 |  3.9
Dodging        | 1 |  1.3
Fighting       | 4 |  4.0
Stealth        | |  0.1

Action                   |  1- 3 |  4- 6 || total
-------------------------+-------+-------++-------
Melee: Long sword        |   149 |   171 ||   320
  Use: Potion            |       |     4 ||     4
  Eat: Chunk             |     3 |     5 ||     8
Armor: Scale mail        |    19 |       ||    19
       Chain mail        |    66 |   114 ||   180
Dodge: Dodged            |    27 |    33 ||    60
Block: Kite shield       |    67 |    84 ||   151
       Rpst.: Long sword |    11 |    11 ||    22
